Map: [ESL] Site Delta

Players

Scarlett - Winner!

  • Race: Zerg Zerg
  • Spawn Location: 5:00

MCanning

  • Race: Protoss Protoss
  • Spawn Location: 11:00

Event: ESL SC2 Masters 2023 Winter (Regional)

VOD

Have the link to the VOD?

Description

Time

  • Played on: Oct. 27, 2023, 2:09 p.m.
  • Length: 8:17

All games in this series

Show
View Real Time Build Order
Export as new Build Order

Scarlett Zerg - Winner!

Build Orders: Hatch First 

Get SALT Encoding   

  12  0:00  Drone  
  13  0:12  Overlord  
  13  0:17  Drone  
  14  0:30  Drone x2  
  16  0:47  Hatchery  
  15  0:50  Drone  
  15  0:54  Drone  
  17  0:57  Drone  
  18  1:08  Extractor  
  17  1:12  Spawning Pool  
  17  1:15  Drone  
  17  1:18  Drone  
  18  1:28  Drone  
  19  1:40  Drone  
  20  1:49  Drone  
  21  1:59  Queen x2  
  21  2:00  Zergling x2, Overlord  
  26  2:10  Drone x2  
  28  2:20  Metabolic Boost  
  28  2:21  Drone  
  28  2:22  Drone  
  30  2:31  Drone  
  30  2:34  Hatchery  
  30  2:37  Drone  
  30  2:43  Queen  
  33  2:46  Overlord  
  33  2:49  Drone  
  34  2:53  Zergling x2  
  34  2:54  Drone  
  36  3:05  Queen  
  36  3:06  Overlord  
  36  3:09  Drone x3  
  36  3:10  Drone  
  42  3:21  Drone x2  
  42  3:24  Overlord  
  44  3:28  Queen  
  46  3:34  Drone  
  46  3:37  Drone  
  46  3:40  Drone x4  
  52  3:42  Queen  
  52  3:45  Spore Crawler  
  51  3:55  Drone x6  
  54  4:04  Drone x3  
  54  4:08  Queen  
  59  4:16  Overlord x2  
  59  4:21  Evolution Chamber  
  59  4:23  Drone x5  
  63  4:28  Drone, Overlord  
  63  4:30  Roach Warren  
  64  4:36  Overlord  
  64  4:37  Drone x2  
  66  4:46  Drone x5  
  66  4:48  Extractor  
  66  4:49  Extractor  
  66  4:52  Drone x4  
  73  4:56  Overlord  
  73  4:58  Drone x2  
  75  5:02  Zergling x8  
  78  5:10  Hatchery  
  77  5:17  Roach x5  
  77  5:21  Roach x2  
  91  5:27  Roach x3  
  94  5:28  Roach  
  94  5:29  Zergling x2  
  93  5:36  Zergling x2, Roach x2  
  93  5:40  Zergling x2  
  93  5:42  Overlord, Ravager  
  97  5:47  Overlord  
  95  5:52  Ravager  
  95  5:53  Zergling x4  
  95  5:57  Roach x2  
  98  6:01  Zergling x6, Roach x4  
  106  6:04  Overlord  
  105  6:12  Roach x2  
  105  6:17  Roach x3  
  107  6:22  Roach  
  107  6:23  Zergling x6  
  107  6:24  Queen x3  
  118  6:33  Roach x4  
  122  6:42  Roach  
  122  6:43  Roach x2  
  124  6:47  Zergling x4, Roach  
  127  6:55  Overlord x8  
  124  7:07  Drone x7  
  121  7:16  Roach x3  
  129  7:22  Roach  
  129  7:23  Roach  
  129  7:29  Roach x5  
  137  7:32  Ravager  
  137  7:36  Zergling x8, Roach x3  
  146  7:42  Zergling x12  
  152  7:45  Zergling x2  
  154  7:51  Zergling x2  
  154  7:53  Zergling x10  
  154  7:57  Ravager  
  160  8:00  Extractor  
  160  8:02  Extractor  
  160  8:04  Ravager  
Show
View Real Time Build Order
Export as new Build Order

MCanning Protoss 

Build Orders: 1 Gate Expand, Oracle Opening, Phoenix Opening 

Get SALT Encoding   

  12  0:00  Probe  
  13  0:12  Probe  
  14  0:20  Pylon  
  14  0:24  Probe  
  15  0:38  Gateway, Probe (Chrono Boost)  
  16  0:48  Probe (Chrono Boost)  
  16  0:49  Assimilator  
  17  0:53  Probe (Chrono Boost)  
  18  1:04  Probe  
  19  1:16  Probe  
  20  1:26  Nexus  
  20  1:37  Cybernetics Core  
  20  1:39  Probe  
  21  1:46  Assimilator  
  21  1:51  Probe  
  22  1:55  Pylon  
  22  2:03  Probe  
  23  2:11  Adept (Chrono Boost)  
  26  2:15  Probe  
  26  2:23  Stargate  
  26  2:29  Probe  
  27  2:32  Warp Gate  
  27  2:40  Stalker  
  31  2:44  Probe x2 (Chrono Boost)  
  31  2:55  Probe (Chrono Boost)  
  31  2:58  Probe (Chrono Boost)  
  33  3:00  Probe (Chrono Boost)  
  34  3:06  Oracle (Chrono Boost), Probe  
  34  3:10  Probe  
  39  3:16  Pylon  
  39  3:18  Probe  
  40  3:22  Probe  
  40  3:25  Pylon  
  41  3:30  Probe  
  42  3:34  Gateway  
  42  3:36  Phoenix (Chrono Boost)  
  44  3:55  Gateway x2  
  44  3:58  Gateway  
  44  4:02  Gateway, Probe  
  45  4:07  Assimilator  
  45  4:13  Probe  
  46  4:19  Pylon  
  46  4:21  Twilight Council, Probe  
  47  4:26  Pylon, Stalker  
  47  4:27  Probe  
  50  4:38  Pylon  
  50  4:40  Pylon  
  50  4:43  Stalker  
  52  4:46  Probe  
  53  4:52  Stalker  
  53  4:53  Stalker x3  
  61  5:01  Stalker  
  61  5:06  Zealot  
  63  5:12  Zealot x2  
  67  5:17  Stalker x2  
  71  5:30  Stalker  
  71  5:31  Zealot  
  75  5:42  Stalker x2  
  72  5:43  Zealot x2  
  70  6:02  Stalker x2  
  70  6:03  Zealot x2  
  70  6:07  Probe  
  70  6:08  Pylon  
  65  6:19  Stalker x2  
  65  6:20  Probe  
  65  6:23  Zealot  
  65  6:24  Zealot  
  72  6:32  Zealot x2  
  72  6:36  Nexus  
  68  6:46  Stalker x2  
  64  6:47  Stalker x2  
  64  6:53  Zealot x2  
  60  7:10  Stalker x2  
  60  7:11  Zealot x2  
  62  7:17  Zealot x2  
  56  7:23  Probe  
  56  7:28  Twilight Council  
  57  7:30  Probe  
  57  7:35  Stalker x2  
  57  7:36  Zealot  
  64  7:44  Probe  
  64  7:47  Assimilator  
  64  7:48  Pylon  
  64  7:49  Assimilator  
  65  7:51  Adept x2  
  65  7:54  Probe  
  65  7:56  Probe x2  
  71  8:03  Robotics Facility  
Tags
 
Add a new tag
Caveats
  • Supply blocks, unpowered buildings, or Contaminate may cause inaccurate times.
  • Supply counts are checked every 10 seconds.